 Dungeon Crawl Stone Soup version 0.14-a0-2071-g7172c92 (webtiles) character file.

6436 4tharraofdagon the Arsonist (level 10, 0/69 HPs)
             Began as a Demigod Fire Elementalist on Jan 23, 2014.
             Slain by a yak (15 damage)
             ... on Level 3 of the Lair of Beasts.
             The game lasted 00:25:06 (3600 turns).

4tharraofdagon the Arsonist (DgFE)                  Turns: 3600, Time: 00:25:07

HP   0/69        AC 10     Str 13      XL: 10   Next: 34%
MP  17/26        EV 12     Int 22      God:
Gold 270         SH 13     Dex 19      Spells:  6 memorised,  4 levels left

rFire  . . .     SeeInvis +     y - +2,+1 flail (protect)
rCold  + . .     Clarity  .     w - +1 robe of the Comet {+Fly rC+ SInv}
rNeg   + . .     Conserve .     l - +1 dwarf buckler
rPois  .         rCorr    .     M - +1 dwarf helmet
rElec  .         rRot     .     (no cloak)
SustAb + .       Spirit   .     (no gloves)
rMut   .         Warding  +     (no boots)
Saprov . . .     Stasis   .     s - amulet of warding
MR     +....                    (no ring)
                                n - ring of sustain abilities

@: somewhat resistant to hostile enchantments, stealthy
A: no striking features
a: Evoke Flight


You were on level 3 of the Lair of Beasts.
You were not hungry.

You visited 2 branches of the dungeon, and saw 12 of its levels.

You collected 270 gold pieces.

Inventory:

Hand weapons
 f - a +0,+0 dagger
 q - a +0,+0 long sword
 v - a +2,+0 spear of dragon slaying
 y - a +2,+1 flail of protection (weapon)
Armour
 a - a +0 robe
 l - a +1 dwarven buckler (worn)
 w - the +1 robe of the Comet (worn) {+Fly rC+ SInv}
   (You found it on level 4 of the Dungeon)

   It protects you from cold.
   It enhances your eyesight.
   It lets you fly.
 K - a +0 helmet
 M - a +1 dwarven helmet (worn)
Magical devices
 B - a wand of lightning (0)
 C - a wand of confusion (13)
 D - a wand of cold (0)
 F - a wand of fireball (0)
 H - a wand of paralysis (15)
 N - a wand of hasting (6)
Comestibles
 c - 7 bread rations
 t - 3 meat rations
 I - a rotting chunk of wolf flesh
Scrolls
 d - 4 scrolls of enchant weapon II {unknown}
 e - 5 scrolls of remove curse {unknown}
 h - 3 scrolls of amnesia {unknown}
 i - a scroll of teleportation {unknown}
 j - 5 scrolls of random uselessness {unknown}
 k - a scroll of noise {unknown}
 m - a scroll of curse armour {unknown}
 o - a scroll of magic mapping
 p - 2 scrolls of enchant weapon I {unknown}
 r - a scroll of fog
 u - a scroll of recharging
Jewellery
 n - a ring of sustain abilities (left hand)
 s - an amulet of warding (around neck)
 x - an uncursed amulet of resist mutation
Potions
 g - a potion of speed
 z - a potion of might
 G - a potion of brilliance
 J - a potion of heal wounds
 L - a potion of curing
 O - a potion of berserk rage
Books
 b - a book of Flames

   Spells                             Type                      Level
   *Flame Tongue                      Conjuration/Fire             1
   Throw Flame                        Conjuration/Fire             2
   *Conjure Flame                     Conjuration/Fire             3
   Inner Flame                        Hexes/Fire                   3
   *Sticky Flame                      Conjuration/Fire             4
   *Fireball                          Conjuration/Fire             5
 E - a book of Spatial Translocations

   Spells                             Type                      Level
   *Apportation                       Translocation                1
   Portal Projectile                  Translocation                2
   *Blink                             Translocation                2
   Shroud of Golubria                 Charms/Translocation         2
   Teleport Other                     Translocation                3
   Passage of Golubria                Translocation                4
Magical staves
 A - an uncursed staff of wizardry


   Skills:
 - Level 1.7 Dodging
 - Level 1.7 Stealth
 - Level 4.0 Shields
 + Level 5.8 Spellcasting
 * Level 8.4 Conjurations
 + Level 3.9 Translocations
 * Level 9.1 Fire Magic


You had 4 spell levels left.
You knew the following spells:

 Your Spells              Type           Power        Failure   Level  Hunger
a - Flame Tongue          Conj/Fire      #####        1%          1    None
b - Conjure Flame         Conj/Fire      #####...     1%          3    ##.....
c - Sticky Flame          Conj/Fire      #####...     2%          4    ####...
d - Fireball              Conj/Fire      #####.....   10%         5    #####..
e - Apportation           Tloc           ###.......   1%          1    None
f - Blink                 Tloc           N/A          3%          2    None


Dungeon Overview and Level Annotations

Branches:
Dungeon (8/16)             Temple (0/1) D:7            Lair (4/8) D:8
  Swamp: Lair:3-6    Shoals: Lair:3-6     Snake: Lair:3-6    Spider: Lair:3-6

Shops:
D:4 [

Annotations:
D:4 Menkaure
D:6 Ijyb


Message History

Aim: a yak (moderately wounded)
The sticky flame hits the yak.
The yak is moderately wounded.
The yak is covered in liquid flames!
The yak burns!
You block the yak's attack.
The yak is engulfed in roaring flames.
The yak barely misses you.
The yak is engulfed in roaring flames.
The yak barely misses you.
Unknown command.
You hit the yak.
The yak is heavily wounded.
The yak burns!
The yak gores you but does no damage.
The yak is engulfed in roaring flames.
The yak gores you!
The yak is engulfed in roaring flames.
You block the yak's attack. The yak gores you.
Unknown command.
You sock the yak!
The yak is almost dead.
The yak burns!
The yak is engulfed in roaring flames.
The yak gores you!
* * * LOW HITPOINT WARNING * * *
The yak is engulfed in roaring flames.
The yak gores you!
You die...

..........≈≈≈≈.≈≈≈≈≈f##.....
..........≈≈≈≈≈≈≈≈≈.f#.......
..........≈≈≈≈≈≈≈≈≈.##........
..........≈≈≈≈≈≈≈...##.........
............≈.....#..#.P.......
...............%######...P......
.................## #....%.......
........%.........# #.%..........
...............Y@#####...........
...............Y#Y##.............
........>.........w..............
.....)...........................
.................................
.................................
.................................
.................................
.....................%........w§Y


You could see 3 yaks and a worm.

Vanquished Creatures
  A hydra (Lair:2)
  Nergalle (Lair:1)
  The ghost of RedPan the Conjurer, an experienced DEWz of Vehumet (D:6)
  A komodo dragon (Lair:1)
  3 spectral orcs (Lair:1)
  A wyvern (D:7)
  A hippogriff (Lair:3)
  Eustachio (D:5)
  Grum (D:8)
  9 yaks
  A deep elf fighter (D:8)
  Edmund (D:4)
  6 wolves
  An orc warrior (D:6)
  A black bear (D:7)
  2 ogres
  An agate snail (Lair:2)
  A water moccasin (Lair:1)
  6 giant frogs
  A crimson imp (D:7)
  3 orc priests
  2 scorpions
  2 hounds
  A jelly (D:8)
  An orc wizard (D:7)
  3 worker ants
  An iguana (D:8)
  A big kobold skeleton (D:7)
  4 gnolls
  2 green rats (D:8)
  A steam dragon skeleton (D:6)
  8 adders
  A worm (D:4)
  A giant mite (D:3)
  An iguana zombie (D:5)
  3 giant geckos
  2 oozes (D:4)
  14 orcs
  A ball python (D:4)
  2 giant cockroaches
  3 hobgoblins
  3 kobolds
  5 quokkas
  17 bats
  3 giant newts
  A giant spore (D:5)
  3 goblins
  4 jackals (D:6)
  A kobold skeleton (D:7)
  A quokka skeleton (D:8)
  11 rats
  3 ballistomycetes (D:5)
150 creatures vanquished.

Vanquished Creatures (others)
  An orc (D:6)
  A plant (Lair:2)
2 creatures vanquished.

Grand Total: 152 creatures vanquished

Notes
Turn   | Place    | Note
--------------------------------------------------------------
     0 | D:1      | 4tharraofdagon, the Demigod Fire Elementalist, began the quest for the Orb.
     0 | D:1      | Reached XP level 1. HP: 14/14 MP: 3/3
    19 | D:1      | Reached skill level 1 in Conjurations
   110 | D:2      | Reached skill level 3 in Fire Magic
   191 | D:2      | Reached XP level 2. HP: 8/20 MP: 2/4
   550 | D:4      | Noticed Menkaure
   581 | D:4      | Reached XP level 3. HP: 16/26 MP: 6/8
   586 | D:4      | Learned a level 3 spell: Conjure Flame
   610 | D:5      | Entered Level 5 of the Dungeon
   694 | D:4      | Reached skill level 1 in Shields
   776 | D:4      | Found Klaip's Armour Emporium.
   816 | D:4      | Got a slimy robe
   847 | D:4      | Identified the +1 robe of the Comet {+Fly rC+ SInv} (You found it on level 4 of the Dungeon)
   901 | D:4      | Noticed Edmund
   974 | D:4      | Killed Edmund
   974 | D:4      | Reached skill level 4 in Fire Magic
   974 | D:4      | Reached XP level 4. HP: 13/33 MP: 0/11
   974 | D:4      | Reached XP level 5. HP: 14/38 MP: 0/12
  1042 | D:4      | Learned a level 4 spell: Sticky Flame
  1085 | D:4      | Noticed an ogre
  1178 | D:3      | Found an iron altar of Okawaru.
  1296 | D:5      | Noticed Eustachio
  1316 | D:5      | Killed Eustachio
  1316 | D:5      | Reached XP level 6. HP: 28/45 MP: 0/15
  1345 | D:5      | Noticed an ogre
  1356 | D:5      | Killed an ogre
  1389 | D:5      | Found a sparkling altar of Nemelex Xobeh.
  1627 | D:5      | Reached skill level 5 in Fire Magic
  1627 | D:5      | Reached XP level 7. HP: 25/50 MP: 13/18
  1724 | D:6      | Noticed Ijyb
  1751 | D:7      | Noticed a wyvern
  1757 | D:7      | Killed a wyvern
  1939 | D:7      | Found a bloodstained altar of Trog.
  1939 | D:7      | Found an ancient bone altar of Kikubaaqudgha.
  1939 | D:7      | Found a glowing golden altar of the Shining One.
  2006 | D:7      | Reached skill level 5 in Conjurations
  2045 | D:7      | Found a staircase to the Ecumenical Temple.
  2158 | D:7      | Found a shattered altar of Ashenzari.
  2183 | D:6      | Noticed RedPan's ghost (experienced DEWz)
  2190 | D:6      | Killed RedPan's ghost
  2190 | D:6      | Reached skill level 6 in Fire Magic
  2190 | D:6      | Reached XP level 8. HP: 25/57 MP: 10/20
  2350 | D:8      | Noticed Grum
  2367 | D:7      | HP: 1/57 [wolf[Grum] (9)]
  2675 | D:8      | Reached skill level 7 in Fire Magic
  2703 | D:8      | Learned a level 5 spell: Fireball
  2705 | D:8      | Learned a level 1 spell: Apportation
  2718 | D:8      | Killed Grum
  2760 | D:8      | Reached XP level 9. HP: 35/62 MP: 7/23
  2765 | D:8      | Learned a level 2 spell: Blink
  2851 | D:8      | Reached skill level 1 in Translocations
  2952 | D:8      | Found a staircase to the Lair.
  2965 | Lair:1   | Entered Level 1 of the Lair of Beasts
  3068 | Lair:1   | Noticed Nergalle
  3089 | Lair:1   | Killed Nergalle
  3089 | Lair:1   | Reached skill level 5 in Spellcasting
  3089 | Lair:1   | Reached skill level 8 in Fire Magic
  3218 | Lair:2   | Noticed a five-headed hydra
  3246 | Lair:2   | Killed a five-headed hydra
  3355 | Lair:3   | Reached XP level 10. HP: 34/69 MP: 15/25
  3439 | Lair:3   | Reached skill level 9 in Fire Magic
  3600 | Lair:3   | Slain by a yak

Action                   |  1- 3 |  4- 6 |  7- 9 | 10-12 || total
-------------------------+-------+-------+-------+-------++-------
Melee: Dagger            |    17 |       |       |       ||    17
       Long sword        |     8 |       |       |       ||     8
       Flail             |       |    47 |    91 |    14 ||   152
 Cast: Flame Tongue      |    44 |    25 |    73 |     6 ||   148
       Conjure Flame     |     4 |     3 |    15 |     5 ||    27
       Sticky Flame      |       |     3 |    29 |     5 ||    37
       Fireball          |       |       |       |     3 ||     3
Evoke: Wand              |       |     8 |    12 |       ||    20
  Use: Potion            |     6 |       |     3 |       ||     9
       Scroll            |     3 |       |     6 |       ||     9
 Stab: Sleeping          |     1 |     1 |     1 |       ||     3
       Paralysed         |       |       |     4 |       ||     4
